 Dungeon Crawl Stone Soup version 0.21-a0-513-gdcb3f5e (webtiles) character file.

22 sagitran the Chiller (level 2, -4/19 HPs)
             Began as a Barachi Ice Elementalist on Dec 1, 2017.
             Slain by a gnoll
             ... wielding a +0 flail
              (17 damage)
             ... on level 2 of the Dungeon.
             The game lasted 00:03:34 (1014 turns).

sagitran the Chiller (Barachi Ice Elementalist)     Turns: 1014, Time: 00:03:35

Health: -4/19      AC:  3    Str:  9    XL:     2   Next: 91%
Magic:  4/5        EV: 12    Int: 15    God:
Gold:   86         SH:  0    Dex: 12    Spells: 3/6 levels left

rFire    . . .     SeeInvis .   k - +0 short sword
rCold    . . .     Gourm    .   (no shield)
rNeg     . . .     Faith    .   a - +0 robe
rPois    .         Spirit   .   g - +0 helmet
rElec    .         Reflect  .   (no cloak)
rCorr    .         Harm     .   (no gloves)
MR       .....                  (no boots)
Stlth    ++........             (no amulet)
HPRegen  0.06/turn              (no ring)
MPRegen  0.09/turn              (no ring)

@: slow
A: +LOS, swims, slowness 1, strong legs 1
a: Hop


You were on level 2 of the Dungeon.
You were not hungry.

You visited 1 branch of the dungeon, and saw 2 of its levels.

You collected 86 gold pieces.

Inventory:

Hand Weapons
 k - a +0 short sword (weapon)
Missiles
 i - 21 arrows
Armour
 a - a +0 robe (worn)
 g - a +0 helmet (worn)
 r - a +0 shield
Scrolls
 e - a scroll of enchant weapon
 j - a scroll of identify
 n - a scroll of teleportation {unknown}
 p - 2 scrolls of random uselessness {unknown}
Potions
 d - 3 potions of curing {unknown}
 f - a potion of flight {unknown}
 h - a potion of brilliance {unknown}
 l - a potion of haste {unknown}
 o - 3 potions of heal wounds {unknown}
Books
 b - a book of Frost

   Spells                             Type                      Level
   a - Freeze                         Ice                          1
   b - Throw Frost                    Conjuration/Ice              2
   c - Ozocubu's Armour               Charms/Ice                   3
   d - Throw Icicle                   Conjuration/Ice              4
   e - Summon Ice Beast               Ice/Summoning                4
Comestibles
 c - 2 bread rations
 m - 3 chunks of flesh
 q - 3 fruits


   Skills:
 + Level 0.1 Fighting
 + Level 0.2 Short Blades
 + Level 2.3 Dodging
 + Level 1.8 Stealth
 + Level 2.6 Spellcasting
 + Level 1.1 Conjurations
 + Level 4.2 Ice Magic


You had 3 spell levels left.
You knew the following spells:

 Your Spells              Type           Power        Failure   Level  Hunger
a - Freeze                Ice            ##..         3%          1    #......
b - Throw Frost           Conj/Ice       ##....       11%         2    ##.....


Dungeon Overview and Level Annotations

Branches:
Dungeon (2/15)

Altars:


Innate Abilities, Weirdness & Mutations

Shadows flee at your approach. (+LOS)
You can swim through water.
You cover ground slowly.
You can hop short distances.


Message History

The gnoll completely misses you.
You hit the gnoll.
The gnoll is lightly wounded.
The gnoll barely misses you.
The giant cockroach splashes around in the water.
You hit the giant cockroach but do no damage.
The gnoll hits you with a flail. The giant cockroach barely misses you.
You closely miss the gnoll.
The gnoll is lightly wounded.
The giant cockroach barely misses you. The gnoll barely misses you.
Casting: Freeze
Confirm with . or Enter, or press ? or * to list all spells.
Aiming: Freeze
Press: ? - help, Shift-Dir - straight line, f - giant cockroach
Aim: a giant cockroach You freeze the giant cockroach.
You kill the giant cockroach!
The gnoll hits you with a flail!
Ouch! That really hurt!
You die...

##.######## ##### ###
)##.## ##.###...###.##
####.###.#.#.###...#.#
.####...###.## #####.#
#.##.#### ##.# ##.##
##..## #.. ##.## ####
#########.###
............##
≈≈≈≈≈≈≈≈@g≈≈≈#
≈≈≈≈≈≈≈≈≈≈≈≈≈#
............##
#############


You could see a gnoll.

Vanquished Creatures
  A dart slug (D:1)
  A leopard gecko (D:2)
  2 bats
  A giant cockroach (D:2)
  3 hobgoblins (D:1)
  2 frilled lizards (D:1)
  4 goblins
  3 kobolds (D:1)
  3 rats (D:1)
20 creatures vanquished.

Notes
Turn   | Place    | Note
-------+----------+-------------------------------------------
     0 | D:1      | sagitran the Barachi Ice Elementalist began the quest for the Orb.
     0 | D:1      | Reached XP level 1. HP: 13/13 MP: 3/3
   267 | D:1      | Reached XP level 2. HP: 10/19 MP: 3/5
   271 | D:1      | Learned a level 2 spell: Throw Frost
   460 | D:1      | Reached skill level 4 in Ice Magic
  1014 | D:2      | Slain by a gnoll

Vault maps used:
D:1:      enne_arrival_octagon_isle
D:2:      wad_river_or_something, dancing_weapons_uskayaw, serial_park_tiny_1,
          minmay_goblin_kobold_house

Skill      XL: |  1  2 |
---------------+-------+-----
Ice Magic      | 4 |  4.2
Fighting       | |  0.1
Short Blades   | |  0.2
Dodging        | |  2.3
Stealth        | |  1.8
Spellcasting   | |  2.6
Conjurations   | |  1.1

Action                   || total
-------------------------++-------
Melee: Dagger            ||     5
       Short sword       ||     7
 Cast: Freeze            ||    18
       Throw Frost       ||     5
  Use: Scroll            ||     3
 Stab: Sleeping          ||     2
  Eat: Chunk             ||     1
Armor: Robe              ||     3
Dodge: Dodged            ||    14

Table legend:
 A = Spawn XP
 B = Non-spawn XP
 C = Spawn XP percentage of total XP
 D = Spawn monster count
 E = Non-spawn monster count
 F = Spawn count percentage of total count
 G = Total turns spent on level
                    A         B        C        D         E        F      G
               +---------+---------+-------+---------+---------+-------+---------
         Total |       0 |      32 |   0.0 |       0 |      20 |   0.0 |  1014
               +---------+---------+-------+---------+---------+-------+---------
           D:1 |       0 |      24 |   0.0 |       0 |      16 |   0.0 |   805
           D:2 |       0 |       8 |   0.0 |       0 |       4 |   0.0 |   209
               +---------+---------+-------+---------+---------+-------+---------
